 Dungeon Crawl Stone Soup version 0.27-a0-1500-g450c7e4133 (webtiles) character file.

Game seed: 6850706289513540097

46 lunkers the Insei (level 3, -1/28 HPs)
             Began as a Djinni Warper on July 7, 2021.
             Slain by a necrophage (7 damage)
             ... on level 2 of the Dungeon.
             The game lasted 00:03:27 (2321 turns).

lunkers the Insei (Djinni Warper)                   Turns: 2321, Time: 00:03:28

Health: -1/28      AC:  3    Str: 10    XL:     3   Next: 92%
Gold:   76         EV: 11    Int: 14    God:
                   SH:  0    Dex: 13

rFire    + + .     SeeInvis .     - Unarmed
rCold    x . .     Faith    .   (no shield)
rNeg     . . .     Spirit   .   a - +0 leather armour
rPois    ∞         Reflect  .   (no helmet)
rElec    .         Harm     .   (no cloak)
rCorr    .         Rampage  .   (no gloves)
Will     .....                  (boots unavailable)
Stlth    +.........             (no amulet)
HPRegen  0.09/turn              (no ring)
MPRegen  0.00/turn              (no ring)

@: flying
A: sickness immunity, fire resistance 2, cold vulnerability 1, float, innate
caster, hp casting, extra vitality 1
a: no special abilities


You were on level 2 of the Dungeon.
You visited 1 branch of the dungeon, and saw 3 of its levels.

You collected 76 gold pieces.

Inventory:

Hand Weapons
 d - a +2 whip of venom
Missiles
 c - 5 boomerangs of dispersal
 i - 3 boomerangs
Armour
 a - a +0 leather armour (worn)
Jewellery
 e - a ring of magical power
Scrolls
 f - a scroll of teleportation {unknown}
 g - a scroll of enchant armour {unknown}
 h - 2 scrolls of identify {unknown}
 j - a scroll of fog {unknown}
Potions
 b - a potion of ambrosia {unknown}


   Skills:
 - Level 2.0 Fighting
 - Level 0.7 Throwing
 - Level 1.0 Armour
 - Level 2.1 Dodging
 * Level 3.4 Unarmed Combat
 + Level 2.8 Spellcasting


You couldn't memorise any spells.
You knew the following spells:

 Your Spells              Type           Power      Damage    Failure   Level
b - Lesser Beckoning      Tloc           4%         N/A       28%         3
c - Gell's Gravitas       Tloc           4%         N/A       28%         3
d - Teleport Other        Tloc           9%         N/A       28%         3
e - Manifold Assault      Tloc           9%         N/A       95%         5
p - Corona                Hex            10%        N/A       10%         1
q - Blink                 Tloc           N/A        N/A       14%         2
Your spell library was empty.

Dungeon Overview and Level Annotations

Branches:
Dungeon (3/15)

Altars:


Innate Abilities, Weirdness & Mutations

You are immune to sickness and miasma.
You are immune to poison.
Your flesh is very heat resistant. (rF++)
You are vulnerable to cold. (rC-)
You float through the air rather than walking.
You learn spells naturally, not from books.
Your magical power is your life essence.
You have superior vitality. (+4 HP)


Message History

* * * LOW HITPOINT WARNING * * *
There is a stone staircase leading up here.
The necrophage hits you.
* * * LOW HITPOINT WARNING * * *
You fly upwards.
There is a stone staircase leading down here.
You hit the necrophage.
The necrophage is heavily damaged.
The necrophage hits you.
* * * LOW HITPOINT WARNING * * *
You hit the necrophage.
The necrophage is severely damaged.
The necrophage hits you.
* * * LOW HITPOINT WARNING * * *
You closely miss the necrophage.
The necrophage is heavily damaged.
The necrophage closely misses you.
You hit the necrophage.
The necrophage is severely damaged.
You hit the necrophage.
The necrophage is severely damaged.
The necrophage hits you but does no damage.
You hit the necrophage.
The necrophage is almost destroyed.
The necrophage hits you.
* * * LOW HITPOINT WARNING * * *
You hit the necrophage but do no damage.
The necrophage is almost destroyed.
The necrophage misses you.
You closely miss the necrophage.
The necrophage is almost destroyed.
The necrophage hits you.
* * * LOW HITPOINT WARNING * * *
You closely miss the necrophage.
The necrophage is almost destroyed.
The necrophage closely misses you.
You closely miss the necrophage.
The necrophage is severely damaged.
The necrophage hits you!
You die...

.....#.## ###.#.#.#.#.#..#
....#.## #.#.#.#.#.#.#.#
...#.########.#.#)#.#.#..#
###.#......#.#.#.#.#.#.#.#
...#.########.#.#.#.#.#..#
....#.## #.#######.#..#
.....#.## #.# #.(..##
8.....#.## ##+######.####
.......#.###...n@....#
.......)#.##......####
.........#.#......#
..........##......#
............#'#####
###########.#.# #.#.#
#.#'#### #......#


You could see a necrophage.

Vanquished Creatures
  An adder (D:2)
  A dart slug (D:1)
  An orc (D:2)
  A ball python (D:2)
  2 endoplasms
  4 giant cockroaches
  A goblin (D:2)
  A hobgoblin (D:2)
  6 jackals (D:2)
  5 bats
  2 frilled lizards (D:1)
  4 kobolds
  A rat (D:1)
30 creatures vanquished.

Notes
Turn   | Place    | Note
-------+----------+-------------------------------------------
     0 | D:1      | lunkers the Djinni Warper began the quest for the Orb.
     0 | D:1      | Reached XP level 1. HP: 18/18 MP: 0/0
   233 | D:1      | Reached XP level 2. HP: 19/23 MP: 0/0
  1274 | D:2      | Reached XP level 3. HP: 20/28 MP: 0/0
  1274 | D:2      | Learned a level 1 spell: Corona
  1281 | D:2      | Reached skill level 3 in Unarmed Combat
  1579 | D:2      | Found a faded altar of an unknown god.
  2296 | D:3      | Noticed a necrophage
  2321 | D:2      | Slain by a necrophage

Illustrated notes

Levels and vault maps discovered:
D:1:      lightli_arrival_lavapool, layout_rooms
D:2:      wad_pebble_path, layout_basic, ebering_ecumenical_altar_mist,
          hex_tiny, minivault_23
D:3:      layout_rooms, okawaru_altar_gauntlet_db, nemelex_spade_bored_becter,
          serial_shops, shop, st_stairs_6

Skill      XL: |  1  2  3 |
---------------+----------+-----
Unarmed Combat | 3 |  3.4
Fighting       | |  2.0
Throwing       | |  0.7
Armour         | |  1.0
Dodging        | |  2.1
Spellcasting   | |  2.8

Action                   || total
-------------------------++-------
Melee: Unarmed           ||   175
       Punch             ||     2
 Cast: Corona            ||     3
  Use: Scroll            ||     1
 Stab: Sleeping          ||     1
Armor: Leather armour    ||    61
Dodge: Dodged            ||   118

Table legend: (Time is in decaauts)
 A = Elapsed time spent in this place.
 B = Non-inter-level travel time spent in this place.
 C = Inter-level travel time spent in this place.
 D = Time resting spent in this place.
 E = Time spent auto-exploring this place.
 F = Levels seen in this place.
 G = Mean time per level.
                   A        B        C        D        E       F      G
               +--------+--------+--------+--------+--------+-----+--------+
         Total |   2310 |   2293 |     17 |    388 |   1528 |   3 |  770.0 |
       Dungeon |   2310 |   2293 |     17 |    388 |   1528 |   3 |  770.0 |
               +--------+--------+--------+--------+--------+-----+--------+

Top non-repeatable levels by time:
     D:2: 1722 daAuts
     D:1: 572 daAuts
     D:3: 15 daAuts
